 Dungeon Crawl Stone Soup version 0.27.1-3-gb3d3a73c9e (webtiles) character file.

Game seed: 889837302512232624

331 Urokeeper the Cudgeller (level 6, -1/57 HPs)
             Began as a Minotaur Berserker on Oct 26, 2021.
             Was a Believer of Trog.
             Killed by nerve-wracking pain
             ... invoked by Grinder
              (4 damage)
             ... on level 3 of the Dungeon.
             The game lasted 00:04:38 (2775 turns).

Urokeeper the Cudgeller (Minotaur Berserker)        Turns: 2775, Time: 00:04:38

Health: -1/57      AC:  2    Str: 24    XL:     6   Next: 26%
Magic:  5/5        EV: 12    Int:  4    God:    Trog [**....]
Gold:   68         SH:  5    Dex:  9    Spells: 5/5 levels left

rFire    . . .     SeeInvis .   h - +0 flail (drain)
rCold    . . .     Faith    .   (no shield)
rNeg     . . .     Spirit   .   b - +0 animal skin
rPois    .         Reflect  +   (helmet restricted)
rElec    .         Harm     .   (no cloak)
rCorr    .         Rampage  .   (no gloves)
Will     .....                  (no boots)
Stlth    +.........             m - amulet of reflection
HPRegen  0.19/turn              (no ring)
MPRegen  0.09/turn              (no ring)

@: on berserk cooldown, slowed, very slow
A: horns 2, retaliatory headbutt
a: Renounce Religion, Berserk, Trog's Hand


You were on level 3 of the Dungeon.
You worshipped Trog.
Trog was pleased with you.
You visited 1 branch of the dungeon, and saw 3 of its levels.

You collected 68 gold pieces.

Inventory:

Hand Weapons
 a - a +0 hand axe
 c - a +1 mace of protection
 h - a +0 flail of draining (weapon)
Missiles
 g - 2 throwing nets (quivered)
Armour
 b - a +0 animal skin (worn)
Jewellery
 i - a ring of willpower
 m - an amulet of reflection (around neck)
 n - a ring of flight
Scrolls
 e - a scroll of magic mapping
 f - a scroll of fear
 o - a scroll of teleportation {unknown}
Potions
 d - a potion of curing
 j - a potion of ambrosia
 k - a potion of degeneration {unknown}


   Skills:
 + Level 5.8 Fighting
 - Level 3.6(5.3) Axes
 * Level 6.0(6.5) Maces & Flails
 - Level 2.4 Armour
 - Level 2.1 Dodging


You had 5 spell levels left.
You didn't know any spells.
Your spell library was empty.

Dungeon Overview and Level Annotations

Branches:
Dungeon (3/15)

Altars:
Cheibriados

Shops:
D:1 **:[   D:2 ?

Annotations:
D:3 Grinder


Innate Abilities, Weirdness & Mutations

You have a pair of horns on your head.
You reflexively headbutt those who attack you in melee.


Message History

You closely miss Grinder. Your headbutt misses Grinder.
Grinder is moderately wounded.
You barely miss Grinder.
Grinder is moderately wounded.
Grinder blinks!
You feel a strong urge to attack something.
You are no longer berserk.
You are exhausted.
You feel yourself slow down. Grinder hits you!
You writhe in agony.
Grinder misses you.
You barely miss Grinder. You headbutt Grinder.
Grinder is moderately wounded.
Grinder hits you.
You closely miss Grinder.
Grinder is moderately wounded.
Grinder misses you. Grinder barely misses you.
You barely miss Grinder. You headbutt Grinder.
Grinder is moderately wounded.
Grinder hits you.
You writhe in agony.
* * * LOW HITPOINT WARNING * * *
Grinder hits you!
* * * LOW HITPOINT WARNING * * *
You closely miss Grinder.
Grinder is moderately wounded.
Grinder barely misses you.
You hit Grinder.
Grinder is heavily wounded.
Grinder gestures at you. You resist with significant effort. Grinder hits you.
* * * LOW HITPOINT WARNING * * *
You barely miss Grinder. Your headbutt misses Grinder.
Grinder is heavily wounded.
Grinder hits you.
* * * LOW HITPOINT WARNING * * *
Grinder hits you but does no damage.
You hit Grinder but do no damage.
Grinder is heavily wounded.
Grinder gestures at you. Pain shoots through your body!
You die...

... #.#.........#
....# #.#.........#
..>.# #.#.<.......#
......#.#.........#
.#.####...........#
.#.#.....#......†.#
#.#####........# ..
#......5.# #.
#......@.### #
##..#......#
........####
#...#...# ....##..#
... ....# . #.....#
####..# #..#


You could see Grinder.

Vanquished Creatures
  Sigmund (D:2)
  5 gnolls (D:2)
  6 adders
  A worm (D:2)
  A dart slug (D:3)
  8 ball pythons
  4 endoplasms
  3 giant cockroaches
  4 goblins
  7 hobgoblins
  4 jackals (D:2)
  3 kobolds
  3 quokkas
  10 bats
  4 frilled lizards
  3 rats
67 creatures vanquished.

Notes
Turn   | Place    | Note
-------+----------+-------------------------------------------
     0 | D:1      | Urokeeper the Minotaur Berserker began the quest for the
                  | Orb.
     0 | D:1      | Reached XP level 1. HP: 19/19 MP: 0/0
   257 | D:1      | Reached skill level 1 in Maces & Flails
   281 | D:1      | Reached XP level 2. HP: 27/27 MP: 1/1
   294 | D:1      | Found Fusaedea's General Store.
   341 | D:1      | Found Simic's General Store.
   393 | D:1      | Reached skill level 2 in Maces & Flails
   591 | D:1      | Reached ** piety under Trog
   653 | D:1      | Found Gapse's Book Boutique.
   739 | D:1      | Reached XP level 3. HP: 33/33 MP: 2/2
   848 | D:1      | Found Tune Yng's Armour Emporium.
   941 | D:2      | Reached skill level 3 in Maces & Flails
   949 | D:2      | Reached XP level 4. HP: 27/41 MP: 3/3
  1094 | D:2      | Found a snail-covered altar of Cheibriados.
  1432 | D:2      | Reached skill level 4 in Maces & Flails
  1564 | D:2      | Found a faded altar of an unknown god.
  1717 | D:2      | Found Ziam Idd's Magic Scroll Boutique.
  1810 | D:2      | Reached skill level 5 in Fighting
  2169 | D:2      | Reached XP level 5. HP: 42/48 MP: 4/4
  2236 | D:2      | Noticed Sigmund
  2247 | D:2      | Killed Sigmund
  2248 | D:2      | Reached skill level 5 in Maces & Flails
  2248 | D:2      | Reached XP level 6. HP: 57/57 MP: 5/5
  2624 | D:3      | Reached skill level 6 in Maces & Flails
  2745 | D:3      | Noticed Grinder
  2745 | D:3      | Paralysed by Grinder for 6 turns
  2775 | D:3      | Killed from afar by Grinder

Illustrated notes

Levels and vault maps discovered:
D:1:      lightli_arrival_flooded_house, layout_loops_ring, serial_shops,
          nicolae_lakefront_shop, shop, shop, shop
D:2:      layout_loops_corners, basic_altar,
          shapermc_ecumenical_altar_acropolis, serial_shops, shop,
          grunt_ministairs_10, cheibrodos_gnoll_hut, uniq_sigmund
D:3:      layout_basic, serial_shops, nicolae_square_shop, corner_web_ring,
          minmay_circle_x, uniq_grinder

Skill      XL: |  1  2  3  4  5  6 |
---------------+-------------------+-----
Maces & Flails | 1 2 3 4 5 6 |  6.0
Fighting       | 4 5 |  5.8
Axes           | |  3.6
Armour         | |  2.4
Dodging        | |  2.1

Action                   |  1- 3 |  4- 6 || total
-------------------------+-------+-------++-------
Melee: Mace              |    43 |       ||    43
       Hand axe          |     5 |       ||     5
       Headbutt          |     4 |    12 ||    16
       Flail             |       |    86 ||    86
Invok: Berserk           |     1 |     2 ||     3
  Use: Scroll            |       |     4 ||     4
 Stab: Sleeping          |     1 |       ||     1
Armor: Animal skin       |    24 |    12 ||    36
Dodge: Dodged            |    40 |    35 ||    75
Block: Other             |       |     3 ||     3
